 Dungeon Crawl Stone Soup version 0.18-a0-1197-g8004e50 (webtiles) character file.

7329 abixa the Cleaver (level 11, -3/94 HPs)
             Began as a Hill Orc Gladiator on Jan 30, 2016.
             Was a Believer of Pakellas.
             Slain by a polar bear (12 damage)
             ... in an ice cave.
             The game lasted 00:45:58 (13356 turns).

abixa the Cleaver (Hill Orc Gladiator)             Turns: 13356, Time: 00:45:58

Health: -3/94      AC: 14    Str: 15    XL:     11   Next: 13%
Magic:  17/18      EV:  8    Int: 12    God:    Pakellas [**....]
Gold:   611        SH:  0    Dex: 14    Spells: 1 memorised, 9 levels left

rFire  . . .     SeeInvis .     W - +2 battleaxe (flame)
rCold  + + .     Gourm    .     a - +0 chain mail (curse)
rNeg   + + .     Faith    .     (shield currently unavailable)
rPois  +         Spirit   .     c - +0 helmet
rElec  .         Dismiss  .     b - +0 cloak
rCorr  .         Reflect  .     (no gloves)
SustAt .         Harm     .     k - +0 pair of boots
MR     .....     Rnd*Tele +     q - amulet of rage
Stlth  ..........               A - ring of protection from cold
                                J - ring of Reimbursement {rPois rC+ rN++ Str-4 Int+4}

@: about to teleport, not resistant to hostile enchantments, extremely
unstealthy
A: blurry vision 1, teleportitis 1
a: Quick Charge, Renounce Religion, Evoke Berserk Rage


You were in an ice cave.
You worshipped Pakellas.
Pakellas was pleased with you.
You were hungry.

You visited 3 branches of the dungeon, and saw 12 of its levels.
You also visited: Ice Cave.

You collected 791 gold pieces.
You spent 180 gold pieces at shops.

Inventory:

Hand Weapons
 W - a +2 battleaxe of flaming (weapon)
Missiles
 d - 4 throwing nets
 F - 4 tomahawks (quivered)
Armour
 a - a cursed +0 chain mail (worn)
 b - a +0 cloak (worn)
 c - a +0 helmet (worn)
 e - a +4 scale mail of fire resistance
 k - a +0 pair of boots (worn)
 R - a +0 scale mail
Jewellery
 i - an uncursed ring of resist corrosion
 q - an amulet of rage (around neck)
 y - an uncursed ring of stealth
 A - a ring of protection from cold (right hand)
 J - the ring of Reimbursement (left hand) {rPois rC+ rN++ Str-4 Int+4}
   (You found it on level 4 of the Dungeon)

   [ring of protection from cold]

   It affects your strength (-4).
   It affects your intelligence (+4).
   It protects you from cold.
   It protects you from poison.
   It greatly protects you from negative energy.
Wands
 n - a wand of draining (6/15)
 r - a wand of slowing (20/48)
 T - a wand of lightning (7/15)
 X - a wand of paralysis (4/24)
Scrolls
 j - a scroll of brand weapon {unknown}
 o - 3 scrolls of recharging
 p - 5 scrolls of enchant armour
 t - 4 scrolls of fog
 w - 5 scrolls of identify
 B - 2 scrolls of teleportation
 C - a scroll of magic mapping
 E - 6 scrolls of fear
 S - 2 scrolls of remove curse
Potions
 m - 4 potions of cancellation
 z - 2 potions of heal wounds
 K - 4 potions of curing
 M - 2 potions of resistance
 P - 2 potions of might
Comestibles
 l - 8 fruits


   Skills:
 + Level 7.9 Fighting
 * Level 12.9 Axes
 - Level 1.7 Throwing
 + Level 6.7 Armour
 + Level 4.5 Dodging
 * Level 9.4 Evocations


You had 9 spell levels left.
You knew the following spells:

 Your Spells              Type           Power        Failure   Level  Hunger
a - Apportation           Tloc           #.........   100%        1    ##.....


Dungeon Overview and Level Annotations

Branches:
Dungeon (10/15)            Temple (1/1) D:5            Lair (1/8) D:9
    Orc (0/2) D:10

Altars:
Ashenzari
Cheibriados
Dithmenos
Elyvilon
Fedhas
Gozag
Kikubaaqudgha
Makhleb
Nemelex Xobeh
Okawaru
Pakellas
Qazlal
Ru
Sif Muna
Trog
Vehumet
Xom
Yredelemnul
Zin
The Shining One

Shops:
D:4 ?

Annotations:
D:5 slayr's ghost, novice VSTm


Innate Abilities, Weirdness & Mutations

Scrolls take you a little longer to read.
You are occasionally teleported next to monsters.


Message History

You begin reading the scroll.
You continue reading the scroll.
As you read the scroll of teleportation, it crumbles to dust.
You feel strangely unstable. The polar bear bites you!
* * * LOW HITPOINT WARNING * * *
The polar bear closely misses you. The polar bear barely misses you.
The polar bear bites you.
* * * LOW HITPOINT WARNING * * *
The polar bear claws you.
* * * LOW HITPOINT WARNING * * *
The polar bear claws you.
* * * LOW HITPOINT WARNING * * *
You see here a hardcover book.
Read which item? (? for menu, Esc to quit)
Really read with blurry vision while enemies are nearby?
The polar bear bites you but does no damage.
The polar bear claws you but does no damage. x2
You begin reading the scroll.
You continue reading the scroll.
The polar bear bites you!
You die... ### ##@## #hhC#

#hhh##
#.hY$#
#$$$$#
#$$.##
#$...##..
#$.......
#.......#


You could see a frost giant, 6 polar bears and a yak.

Vanquished Creatures
  A hydra (D:10)
  An ice statue (IceCv)
  A spiny frog (Lair:1)
  A fire drake (D:9)
  2 polar bears (IceCv)
  Prince Ribbit (D:7)
  2 yaks (IceCv)
  A spriggan (D:10)
  A hungry ghost (D:8)
  2 hippogriffs
  2 wolves (IceCv)
  A water moccasin (Lair:1)
  A porcupine (Lair:1)
  A black bear (D:10)
  2 orc warriors
  3 ice beasts
  3 sky beasts
  5 phantoms
  3 ogres
  3 centaurs
  A big kobold (D:7)
  A gnoll sergeant (D:8)
  3 giant frogs
  2 wyvern skeletons
  3 scorpions
  5 killer bees (D:10)
  4 crimson imps
  A giant frog zombie (D:10)
  3 quasits
  A centaur zombie (D:5)
  2 hounds
  A jelly (D:5)
  2 orc priests (D:4)
  6 orc wizards
  Crazy Yiuf (D:2)
  7 iguanas
  7 worker ants
  A killer bee zombie (D:10)
  12 gnolls
  9 adders
  A shadow imp (D:5)
  12 white imps (Lair:1)
  An ooze (D:2)
  3 worms
  9 giant geckos
  22 orcs
  2 ball pythons
  7 giant cockroaches
  13 goblins
  8 hobgoblins
  16 jackals
  2 quokkas
  5 bats
  5 giant newts
  12 kobolds
  3 quokka skeletons (D:5)
  8 rats
238 creatures vanquished.

Vanquished Creatures (others)
  A polar bear (IceCv)
  A yak (IceCv)
  A centaur (D:5)
  An iguana (D:5)
  A quokka (D:9)
5 creatures vanquished.

Grand Total: 243 creatures vanquished

Notes
Turn   | Place    | Note
--------------------------------------------------------------
     0 | D:1      | abixa the Hill Orc Gladiator began the quest for the Orb.
     0 | D:1      | Reached XP level 1. HP: 18/18 MP: 1/1
   385 | D:1      | Reached XP level 2. HP: 20/25 MP: 2/2
   594 | D:1      | Reached skill level 5 in Axes
   678 | D:1      | Reached XP level 3. HP: 30/30 MP: 3/3
  1136 | D:2      | Reached skill level 6 in Axes
  1332 | D:2      | Reached XP level 4. HP: 35/37 MP: 4/4
  1355 | D:2      | Reached skill level 1 in Evocations
  1759 | D:2      | Noticed Crazy Yiuf
  1780 | D:2      | Killed Crazy Yiuf
  1892 | D:3      | Found a glowing silver altar of Zin.
  1944 | D:3      | Found a glowing golden altar of the Shining One.
  2297 | D:3      | Reached XP level 5. HP: 37/42 MP: 6/6
  2948 | D:4      | Noticed a phantom
  2974 | D:4      | Killed a phantom
  2974 | D:4      | Reached skill level 7 in Axes
  2974 | D:4      | Reached skill level 1 in Armour
  2974 | D:4      | Reached XP level 6. HP: 36/50 MP: 6/8
  2987 | D:4      | Got a bound golden ring
  2989 | D:4      | Identified the ring of Reimbursement {rPois rC+ rN++ Str-4 Int+4} (You found it on level 4 of the Dungeon)
  3067 | D:4      | Found Gufad's Magic Scroll Boutique.
  3081 | D:4      | Bought a scroll of identify for 24 gold pieces
  3081 | D:4      | Bought a scroll of identify for 24 gold pieces
  3081 | D:4      | Bought a scroll of identify for 24 gold pieces
  3081 | D:4      | Bought a scroll of identify for 24 gold pieces
  3081 | D:4      | Bought 3 scrolls of identify for 72 gold pieces
  3081 | D:4      | Bought a scroll of random uselessness for 12 gold pieces
  3995 | D:4      | Found a deep blue altar of Sif Muna.
  4508 | D:4      | Reached XP level 7. HP: 38/57 MP: 9/9
  4764 | D:5      | Entered Level 5 of the Dungeon
  4767 | D:5      | Found a staircase to the Ecumenical Temple.
  4776 | Temple   | Entered the Ecumenical Temple
  4828 | D:5      | Noticed slayr's ghost (novice VSTm)
  5009 | D:5      | Reached skill level 8 in Axes
  5009 | D:5      | Gained mutation: You are occasionally teleported next to monsters. [mutagenic glow]
  5046 | D:5      | Gained mutation: Scrolls take you a little longer to read. [mutagenic glow]
  6253 | D:4      | Reached XP level 8. HP: 66/66 MP: 11/11
  6374 | D:4      | Reached skill level 5 in Evocations
  6553 | D:5      | Reached skill level 9 in Axes
  7470 | D:6      | Reached skill level 5 in Fighting
  7954 | D:6      | Reached skill level 10 in Axes
  8056 | D:7      | Reached XP level 9. HP: 72/74 MP: 13/13
  8150 | D:7      | Found an iron altar of Okawaru.
  9181 | D:8      | Noticed Prince Ribbit
  9238 | D:8      | Found a glowing golden altar of the Shining One.
  9315 | D:8      | Found an oddly glowing altar of Pakellas.
  9318 | D:8      | Became a worshipper of Pakellas the Inventive
  9627 | D:7      | Killed Prince Ribbit
  9627 | D:7      | Reached skill level 5 in Armour
  9899 | D:8      | Reached skill level 11 in Axes
 10086 | D:9      | Noticed a fire drake
 10196 | D:9      | Killed a fire drake
 10196 | D:9      | Reached XP level 10. HP: 84/84 MP: 15/15
 10340 | D:9      | Found a staircase to the Lair.
 10707 | D:9      | Reached * piety under Pakellas
 10762 | D:9      | Found a bloodstained altar of Trog.
 10798 | D:9      | Found a white marble altar of Elyvilon.
 10857 | D:9      | Found a stormy altar of Qazlal.
 10874 | D:9      | Found an opulent altar of Gozag.
 11334 | D:10     | Entered Level 10 of the Dungeon
 11548 | D:9      | Reached skill level 12 in Axes
 11745 | D:10     | Found a staircase to the Orcish Mines.
 11805 | D:10     | Noticed a five-headed hydra
 11815 | D:10     | Killed a one-headed hydra
 12088 | D:10     | Reached ** piety under Pakellas
 12088 | D:10     | Received a gift from Pakellas
 12180 | D:10     | Learned a level 1 spell: Apportation
 12251 | Lair:1   | Entered Level 1 of the Lair of Beasts
 12251 | Lair:1   | Noticed a spiny frog
 12271 | Lair:1   | Killed a spiny frog
 12280 | Lair:1   | Found a frozen archway.
 12453 | IceCv    | Entered an ice cave
 12470 | IceCv    | Reached XP level 11. HP: 45/93 MP: 17/17
 13343 | IceCv    | Noticed a frost giant
 13356 | IceCv    | Slain by a polar bear

Vault maps used:
D:1:      sevenhm_arrival_forest_fort_large_2
D:2:      minivault_27, kennysheep_generic_room_3, uniq_crazy_yiuf_cottage
D:3:      lemuel_crystal_altar, tso_metal_star
D:4:      lemuel_doored_altar, first_bread, serial_shops, shop_scrolls
D:5:      minmay_temple_entry_glass
D:6:      kennysheep_windowed_goal
D:7:      okawaru_gym_becter, minmay_misc_feat_chi
D:8:      kennysheep_mini, basic_altar, uniq_prince_ribbit1
D:9:      nicolae_qazlal_style_of_elements, lemuel_round_altar,
          nicolae_overflow_crystal_walls, elyvilon_altar_4,
          minmay_lair_entry_lava
D:10:     orc_0_dummy, the_bakery
Temple:   triangle_lava_temple_12
Lair:1:   portal_ice_cave_entry_imps
IceCv:    ice_cave_caverns_02

Action                   |  1- 3 |  4- 6 |  7- 9 | 10-12 || total
-------------------------+-------+-------+-------+-------++-------
Melee: War axe           |   114 |    63 |       |       ||   177
       Broad axe         |       |   123 |   368 |       ||   491
       Hand axe          |       |       |     2 |       ||     2
       Battleaxe         |       |       |    85 |   215 ||   300
Throw: Stone             |       |    23 |       |       ||    23
       Tomahawk          |       |       |     9 |    10 ||    19
 Abil: Evoke Berserk Rag |       |       |     2 |       ||     2
Evoke: Wand              |       |     3 |    20 |     6 ||    29
  Use: Scroll            |       |     5 |     8 |     2 ||    15
 Stab: Confused          |       |     2 |     1 |       ||     3
       Sleeping          |       |     1 |       |       ||     1
       Paralysed         |       |       |     9 |       ||     9
  Eat: Chunk             |     1 |    10 |    15 |    11 ||    37
       Fruit             |       |       |     5 |       ||     5
